TOP OF THE 1ST |
Alloway Halberds batting - Pitching for Tortolita Drummers : LHP Jim Unknown
|
Pitching: LHP Jim Unknown
|
|
Batting: RHB Christovăo Galho
|
0-0: Ball 1-0: Ball 2-0: Ball 3-0: Called Strike 3-1: Foul Ball, location: 2F 3-2: Ground out 1-3 (Groundball, 13)
|
Batting: LHB Esteban Casillas
|
0-0: Fly out, F8 (Flyball, 78S)
|
Batting: RHB Juan Salinas
|
0-0: Called Strike 0-1: Ground out 1-3 (Groundball, 15)
|
Top of the 1st over - 0 run(s), 0 hit(s), 0 error(s), 0 left on base; Alloway 0 - Tortolita 0 |
BOTTOM OF THE 1ST |
Tortolita Drummers batting - Pitching for Alloway Halberds : LHP Jim Unknown
|
Pitching: LHP Jim Unknown
|
|
Batting: RHB Jesús Martínez
|
0-0: Bunted foul 0-1: Ball 1-1: SINGLE (Line Drive, 56)
|
Batting: LHB Rick Harrison
|
0-0: Ball 1-0: Ball 2-0: Called Strike 2-1: Fly out, F9 (Line Drive, 9)
|
Batting: SHB Brent Adams
|
0-0: Ball Jesús Martínez steals 2nd base 1-0: DOUBLE (Line Drive, 9LS) Jesús Martínez scores
|
Batting: RHB Stephen Blair
|
0-0: Foul Ball, location: 2F 0-1: Ground out 6-3 (Groundball, 56D)
|
Batting: RHB Blair Sweeny
|
0-0: SINGLE (Line Drive, 4D) Brent Adams to third Runner from 3rd tries for Home, SAFE, throw made home
|
Batting: RHB Eric Randolph
|
0-0: Ball 1-0: 2-RUN HOME RUN (Flyball, 7D), Distance : 370 ft
|
Batting: RHB Francisco Torres
|
0-0: Ball 1-0: Ball 2-0: Fly out, F7 (Flyball, 7S)
|
Bottom of the 1st over - 4 run(s), 4 hit(s), 0 error(s), 0 left on base; Alloway 0 - Tortolita 4 |
TOP OF THE 2ND |
Alloway Halberds batting - Pitching for Tortolita Drummers : LHP Jim Unknown
|
Batting: RHB Stewart Ralston
|
0-0: Foul Ball, location: 2F 0-1: Ground out 6-3 (Groundball, 6)
|
Batting: RHB Sung-min Pae
|
0-0: Called Strike 0-1: Ball 1-1: Ball 2-1: Ball 3-1: SINGLE (Groundball, 6MD)
|
Batting: SHB Ron Peterson
|
0-0: Ball 1-0: Ball 2-0: Foul Ball, location: 2F 2-1: Swinging Strike 2-2: Ground out 4-3 (Groundball, 34) Sung-min Pae to second
|
Batting: RHB Jorge López
|
0-0: Foul Ball, location: 2F 0-1: Fly out, F7 (Flyball, 7S)
|
Top of the 2nd over - 0 run(s), 1 hit(s), 0 error(s), 1 left on base; Alloway 0 - Tortolita 4 |
BOTTOM OF THE 2ND |
Tortolita Drummers batting - Pitching for Alloway Halberds : LHP Jim Unknown
|
Batting: RHB Esteban Garza
|
0-0: Called Strike 0-1: Swinging Strike 0-2: Ball 1-2: Foul Ball, location: 2F 1-2: Foul Ball, location: 2F 1-2: Ball 2-2: DOUBLE (Line Drive, 7LM)
|
Batting: LHB Gonzalo Féliz
|
0-0: Called Strike 0-1: Ball 1-1: Foul Ball, location: 2F 1-2: Strikes out swinging
|
Batting: RHB Jesús Martínez
|
0-0: Ball 1-0: Ground out 6-3 (Groundball, 6) Esteban Garza to third
|
Batting: LHB Rick Harrison
|
0-0: Called Strike 0-1: Ball 1-1: Ball 2-1: Swinging Strike 2-2: Fly out, F6 (Line Drive, 6)
|
Bottom of the 2nd over - 0 run(s), 1 hit(s), 0 error(s), 1 left on base; Alloway 0 - Tortolita 4 |
TOP OF THE 3RD |
Alloway Halberds batting - Pitching for Tortolita Drummers : LHP Jim Unknown
|
Batting: RHB Alfredo Chávez
|
0-0: Ball 1-0: Ball 2-0: Foul Ball, location: 2F 2-1: Ball 3-1: Base on Balls
|
Batting: RHB Orlando Reyes
|
0-0: Called Strike 0-1: Swinging Strike 0-2: Ball 1-2: Ball 2-2: Strikes out swinging
|
Batting: RHB Christovăo Galho
|
0-0: Called Strike 0-1: Ball 1-1: Foul Ball, location: 2F 1-2: Foul Ball, location: 2F 1-2: Fly out, F7 (Flyball, 7LM)
|
Batting: LHB Esteban Casillas
|
0-0: Called Strike 0-1: Foul Ball, location: 2F 0-2: Ball 1-2: Strikes out looking
|
Top of the 3rd over - 0 run(s), 0 hit(s), 0 error(s), 1 left on base; Alloway 0 - Tortolita 4 |
BOTTOM OF THE 3RD |
Tortolita Drummers batting - Pitching for Alloway Halberds : LHP Jim Unknown
|
Batting: SHB Brent Adams
|
0-0: Ball 1-0: Foul Ball, location: 2F 1-1: Ball 2-1: Foul Ball, location: 2F 2-2: Foul Ball, location: 2F 2-2: Ball 3-2: Ground out 4-3 (Groundball, 34)
|
Batting: RHB Stephen Blair
|
0-0: Swinging Strike 0-1: Foul Ball, location: 2F 0-2: Ball 1-2: Strikes out looking
|
Batting: RHB Blair Sweeny
|
0-0: Ball 1-0: Ball 2-0: Foul Ball, location: 2F 2-1: Foul Ball, location: 2F 2-2: Ball 3-2: Base on Balls
|
Batting: RHB Eric Randolph
|
0-0: Swinging Strike 0-1: Ball 1-1: Called Strike 1-2: Foul Ball, location: 2F 1-2: Strikes out swinging
|
Bottom of the 3rd over - 0 run(s), 0 hit(s), 0 error(s), 1 left on base; Alloway 0 - Tortolita 4 |
TOP OF THE 4TH |
Alloway Halberds batting - Pitching for Tortolita Drummers : LHP Jim Unknown
|
Batting: RHB Juan Salinas
|
0-0: Ground out 4-3 (Groundball, 4)
|
Batting: RHB Stewart Ralston
|
0-0: Ball 1-0: Ball 2-0: Ball 3-0: Called Strike 3-1: Called Strike 3-2: Ground out 6-3 (Groundball, 6)
|
Batting: RHB Sung-min Pae
|
0-0: Ball 1-0: Ball 2-0: Foul Ball, location: 2F 2-1: Ground out 6-3 (Groundball, 6)
|
Top of the 4th over - 0 run(s), 0 hit(s), 0 error(s), 0 left on base; Alloway 0 - Tortolita 4 |
BOTTOM OF THE 4TH |
Tortolita Drummers batting - Pitching for Alloway Halberds : LHP Jim Unknown
|
Batting: RHB Francisco Torres
|
0-0: Ball 1-0: Swinging Strike 1-1: Foul Ball, location: 2F 1-2: Strikes out looking
|
Batting: RHB Esteban Garza
|
0-0: Ball 1-0: Ball 2-0: Called Strike 2-1: Foul Ball, location: 2F 2-2: Ball 3-2: Foul Ball, location: 2F 3-2: Foul Ball, location: 2F 3-2: Foul Ball, location: 2F 3-2: Base on Balls
|
Batting: LHB Gonzalo Féliz
|
0-0: Called Strike 0-1: Called Strike 0-2: Foul Ball, location: 2F 0-2: Ball 1-2: Foul Ball, location: 2F 1-2: Fly out, F9 (Flyball, 89S)
|
Batting: RHB Jesús Martínez
|
0-0: Fly out, F8 (Flyball, 78D)
|
Bottom of the 4th over - 0 run(s), 0 hit(s), 0 error(s), 1 left on base; Alloway 0 - Tortolita 4 |
TOP OF THE 5TH |
Alloway Halberds batting - Pitching for Tortolita Drummers : LHP Jim Unknown
|
Batting: SHB Ron Peterson
|
0-0: Called Strike 0-1: Foul Ball, location: 2F 0-2: Ground out 6-3 (Groundball, 6)
|
Batting: RHB Jorge López
|
0-0: Ball 1-0: Fly out, F8 (Flyball, 8LS)
|
Batting: RHB Alfredo Chávez
|
0-0: Called Strike 0-1: Called Strike 0-2: Ball 1-2: Foul Ball, location: 2F 1-2: SINGLE (Line Drive, 89S)
|
Batting: RHB Orlando Reyes
|
0-0: Called Strike 0-1: SINGLE (Line Drive, 6MD) Alfredo Chávez to second
|
Batting: RHB Christovăo Galho
|
0-0: Called Strike 0-1: Fielders Choice at 2nd, 6-4 (Groundball, 6)
|
Top of the 5th over - 0 run(s), 2 hit(s), 0 error(s), 1 left on base; Alloway 0 - Tortolita 4 |
BOTTOM OF THE 5TH |
Tortolita Drummers batting - Pitching for Alloway Halberds : LHP Jim Unknown
|
Batting: LHB Rick Harrison
|
0-0: Foul Ball, location: 2F 0-1: Swinging Strike 0-2: Ball 1-2: Ball 2-2: Fly out, F7 (Flyball, 7S)
|
Batting: SHB Brent Adams
|
0-0: Ball 1-0: Ball 2-0: Ball 3-0: Called Strike 3-1: Base on Balls
|
Batting: RHB Stephen Blair
|
0-0: Ball 1-0: Foul Ball, location: 2F 1-1: Ball 2-1: Ball 3-1: Foul Ball, location: 2F 3-2: SINGLE (Groundball, 34D) Brent Adams to second
|
Batting: RHB Blair Sweeny
|
0-0: Ball 1-0: Fly out, F9 (Flyball, 9)
|
Batting: RHB Eric Randolph
|
0-0: Foul Ball, location: 2F 0-1: Ball 1-1: Ball 2-1: Fly out, F9 (Flyball, 89S)
|
Bottom of the 5th over - 0 run(s), 1 hit(s), 0 error(s), 2 left on base; Alloway 0 - Tortolita 4 |
TOP OF THE 6TH |
Alloway Halberds batting - Pitching for Tortolita Drummers : LHP Jim Unknown
|
Batting: LHB Esteban Casillas
|
0-0: Foul Ball, location: 2F 0-1: Called Strike 0-2: Strikes out swinging
|
Batting: RHB Juan Salinas
|
0-0: Foul Ball, location: 2F 0-1: Foul Ball, location: 2F 0-2: Foul Ball, location: 2F 0-2: SINGLE (Flyball, 89S)
|
Batting: RHB Stewart Ralston
|
0-0: Ball 1-0: Called Strike 1-1: Foul Ball, location: 2F 1-2: Ball 2-2: Foul Ball, location: 2F 2-2: 2-RUN HOME RUN (Flyball, 78XD), Distance : 386 ft
|
Batting: RHB Sung-min Pae
|
0-0: Fly out, F5 (Line Drive, 56)
|
Batting: SHB Ron Peterson
|
0-0: Foul Ball, location: 2F 0-1: Fly out, F8 (Flyball, 8RM)
|
Top of the 6th over - 2 run(s), 2 hit(s), 0 error(s), 0 left on base; Alloway 2 - Tortolita 4 |
BOTTOM OF THE 6TH |
Tortolita Drummers batting - Pitching for Alloway Halberds : LHP Jim Unknown
|
Batting: RHB Francisco Torres
|
0-0: Called Strike 0-1: Swinging Strike 0-2: Ball 1-2: Foul Ball, location: 2F 1-2: Ball 2-2: Ball 3-2: Strikes out swinging
|
Batting: RHB Esteban Garza
|
0-0: Called Strike 0-1: Ball 1-1: Ball 2-1: Ball 3-1: Called Strike 3-2: Base on Balls
|
Pitching: LHP Jim Unknown
|
|
Batting: LHB Gonzalo Féliz
|
0-0: Ball Esteban Garza is caught stealing 2nd base 1-0: Ball 2-0: Called Strike 2-1: Foul Ball, location: 2F 2-2: Foul Ball, location: 2F 2-2: Strikes out swinging
|
Bottom of the 6th over - 0 run(s), 0 hit(s), 0 error(s), 0 left on base; Alloway 2 - Tortolita 4 |
TOP OF THE 7TH |
Alloway Halberds batting - Pitching for Tortolita Drummers : LHP Jim Unknown
|
Batting: RHB Jorge López
|
0-0: Ball 1-0: Foul Ball, location: 2F 1-1: SOLO HOME RUN (Flyball, 78XD), Distance : 387 ft
|
Batting: RHB Alfredo Chávez
|
0-0: Called Strike 0-1: Ground out 6-3 (Groundball, 6M)
|
Batting: RHB Orlando Reyes
|
0-0: Called Strike 0-1: Swinging Strike 0-2: Ball 1-2: Ball 2-2: Foul Ball, location: 2F 2-2: Foul Ball, location: 2F 2-2: Ground out 4-3 (Groundball, 4M)
|
Batting: RHB Christovăo Galho
|
0-0: Called Strike 0-1: Ball 1-1: Ball 2-1: Ball 3-1: Base on Balls
|
Batting: LHB Esteban Casillas
|
0-0: Ball 1-0: Called Strike 1-1: Fly out, F8 (Flyball, 8LM)
|
Top of the 7th over - 1 run(s), 1 hit(s), 0 error(s), 1 left on base; Alloway 3 - Tortolita 4 |
BOTTOM OF THE 7TH |
Tortolita Drummers batting - Pitching for Alloway Halberds : LHP Jim Unknown
|
Batting: RHB Jesús Martínez
|
0-0: Called Strike 0-1: Called Strike 0-2: Ball 1-2: Strikes out swinging
|
Batting: LHB Rick Harrison
|
0-0: Called Strike 0-1: Swinging Strike 0-2: Ground out U3 (Groundball, 3)
|
Batting: SHB Brent Adams
|
0-0: Called Strike 0-1: Ball 1-1: Ball 2-1: Ball 3-1: Called Strike 3-2: Foul Ball, location: 2F 3-2: SINGLE (Groundball, 34D)
|
Batting: RHB Stephen Blair
|
0-0: Called Strike 0-1: Swinging Strike 0-2: Strikes out swinging
|
Bottom of the 7th over - 0 run(s), 1 hit(s), 0 error(s), 1 left on base; Alloway 3 - Tortolita 4 |
TOP OF THE 8TH |
Alloway Halberds batting - Pitching for Tortolita Drummers : LHP Jim Unknown
|
Now at 1B: Adrián Franco
|
|
Batting: RHB Juan Salinas
|
0-0: Ball 1-0: SOLO HOME RUN (Flyball, 78XD), Distance : 390 ft
|
Batting: RHB Stewart Ralston
|
0-0: Ball 1-0: Ball 2-0: Called Strike 2-1: Foul Ball, location: 2F 2-2: Ball 3-2: Fly out, F6 (Line Drive, 6)
|
Batting: RHB Sung-min Pae
|
0-0: Ball 1-0: SINGLE (Groundball, 6MD)
|
Pitching: LHP Ron Anderson
|
|
Batting: SHB Ron Peterson
|
0-0: Called Strike 0-1: Foul Ball, location: 2F 0-2: Ball 1-2: DOUBLE (Flyball, 78D) Sung-min Pae to third Sung-min Pae scores
|
Batting: RHB Jorge López
|
0-0: Ball 1-0: Called Strike 1-1: Foul Ball, location: 2F 1-2: Foul Ball, location: 2F 1-2: Foul Ball, location: 2F 1-2: Strikes out swinging
|
Batting: RHB Alfredo Chávez
|
0-0: Ball 1-0: Ground out 5-3 (Groundball, 56)
|
Top of the 8th over - 2 run(s), 3 hit(s), 0 error(s), 1 left on base; Alloway 5 - Tortolita 4 |
BOTTOM OF THE 8TH |
Tortolita Drummers batting - Pitching for Alloway Halberds : LHP Jim Unknown
|
Pitching: RHP Dylan Silva
|
|
Batting: RHB Blair Sweeny
|
0-0: Fly out, F4 (Popup, 4D)
|
Batting: RHB Eric Randolph
|
0-0: Called Strike 0-1: SOLO HOME RUN (Flyball, 9D), Distance : 388 ft
|
Pinch Hitting: LHB Mitchell Hansen
|
0-0: Swinging Strike 0-1: Ball 1-1: Ground out U3 (Groundball, 3L)
|
Pinch Hitting: LHB Jim Unknown
|
0-0: Called Strike 0-1: Ball 1-1: Ground out 4-3 (Groundball, 4)
|
Bottom of the 8th over - 1 run(s), 1 hit(s), 0 error(s), 0 left on base; Alloway 5 - Tortolita 5 |
TOP OF THE 9TH |
Alloway Halberds batting - Pitching for Tortolita Drummers : LHP Ron Anderson
|
Pitching: RHP Mike Desmond
|
|
Now at 3B: Jorge Féliz
|
|
Now in CF: Alberto Arredondo
|
|
Batting: RHB Orlando Reyes
|
0-0: Ball 1-0: Ball 2-0: Called Strike 2-1: Called Strike 2-2: Foul Ball, location: 2F 2-2: Strikes out looking
|
Batting: RHB Christovăo Galho
|
0-0: Called Strike 0-1: Ball 1-1: Ball 2-1: Ground out 5-3 (Groundball, 56S)
|
Batting: LHB Esteban Casillas
|
0-0: Ball 1-0: Called Strike 1-1: Called Strike 1-2: Strikes out swinging
|
Top of the 9th over - 0 run(s), 0 hit(s), 0 error(s), 0 left on base; Alloway 5 - Tortolita 5 |
BOTTOM OF THE 9TH |
Tortolita Drummers batting - Pitching for Alloway Halberds : RHP Dylan Silva
|
Pitching: RHP Jim Unknown
|
|
Pinch Hitting: RHB Jim Unknown
|
0-0: Swinging Strike 0-1: Fly out, F9 (Flyball, 9S)
|
Pinch Hitting: SHB Juan Blanco
|
0-0: Ball 1-0: Fly out, F4 (Popup, 34D)
|
Batting: LHB Rick Harrison
|
0-0: Fly out, F7 (Flyball, 7S)
|
Bottom of the 9th over - 0 run(s), 0 hit(s), 0 error(s), 0 left on base; Alloway 5 - Tortolita 5 |
TOP OF THE 10TH |
Alloway Halberds batting - Pitching for Tortolita Drummers : RHP Mike Desmond
|
Now at 2B: Jim Unknown
|
|
Now at SS: Juan Blanco
|
|
Batting: RHB Juan Salinas
|
0-0: Ball 1-0: Ball 2-0: Fly out, F7 (Line Drive, 78M)
|
Batting: RHB Stewart Ralston
|
0-0: Called Strike 0-1: Ball 1-1: Fly out, F8 (Flyball, 89S)
|
Pinch Hitting: SHB Curt Finley
|
0-0: Ball 1-0: Foul Ball, location: 2F 1-1: SINGLE (Flyball, 7LS)
|
Pinch Hitting: RHB Jim Unknown
|
0-0: Ball 1-0: Ball 2-0: SINGLE (Groundball, 6) (infield hit) Curt Finley to second
|
Batting: RHB Jorge López
|
0-0: Fly out, F3 (Popup, 3L)
|
Top of the 10th over - 0 run(s), 2 hit(s), 0 error(s), 2 left on base; Alloway 5 - Tortolita 5 |
BOTTOM OF THE 10TH |
Tortolita Drummers batting - Pitching for Alloway Halberds : RHP Jim Unknown
|
Now at SS: Curt Finley
|
|
Now in CF: Octávio Beltzán
|
|
Batting: LHB Adrián Franco
|
0-0: Ball 1-0: Ball 2-0: Swinging Strike 2-1: Called Strike 2-2: Ball 3-2: Base on Balls
|
Batting: RHB Stephen Blair
|
0-0: Ball 1-0: Called Strike 1-1: Foul Ball, location: 2F 1-2: Fly out, F8 (Flyball, 8RS)
|
Batting: RHB Blair Sweeny
|
0-0: SINGLE (Line Drive, 89S) Adrián Franco to second
|
Batting: RHB Eric Randolph
|
0-0: Called Strike 0-1: Ball 1-1: Ball 2-1: Foul Ball, location: 2F 2-2: Ball 3-2: Foul Ball, location: 2F 3-2: Base on Balls Adrián Franco to third Blair Sweeny to second
|
Batting: RHB Jorge Féliz
|
0-0: Grounds into fielders choice 5-2 (Groundball, 5) Blair Sweeny to third Eric Randolph to second
|
Batting: LHB Alberto Arredondo
|
0-0: Ball 1-0: Called Strike 1-1: Ball 2-1: Ground out U3 (Groundball, 3)
|
Bottom of the 10th over - 0 run(s), 1 hit(s), 0 error(s), 3 left on base; Alloway 5 - Tortolita 5 |
TOP OF THE 11TH |
Alloway Halberds batting - Pitching for Tortolita Drummers : RHP Mike Desmond
|
Batting: RHB Alfredo Chávez
|
0-0: Called Strike 0-1: Called Strike 0-2: SINGLE (Groundball, 34D)
|
Batting: RHB Orlando Reyes
|
0-0: Sac Bunt - play at first, batter OUT! U3 Alfredo Chávez to second
|
Batting: RHB Christovăo Galho
|
0-0: Ball 1-0: SINGLE (Line Drive, 7LM) Alfredo Chávez to third Runner from 3rd tries for Home, SAFE, throw made home
|
Batting: LHB Esteban Casillas
|
0-0: Swinging Strike 0-1: Ball 1-1: Fly out, F7 (Flyball, 78M)
|
Batting: RHB Juan Salinas
|
0-0: Fly out, F7 (Flyball, 78S)
|
Top of the 11th over - 1 run(s), 2 hit(s), 0 error(s), 1 left on base; Alloway 6 - Tortolita 5 |
BOTTOM OF THE 11TH |
Tortolita Drummers batting - Pitching for Alloway Halberds : RHP Jim Unknown
|
Pitching: LHP Jim Unknown
|
|
Batting: RHB Jim Unknown
|
0-0: Called Strike 0-1: Foul Ball, location: 2F 0-2: Ball 1-2: Ball 2-2: Foul Ball, location: 2F 2-2: Foul Ball, location: 2F 2-2: Ball 3-2: Base on Balls
|
Batting: SHB Juan Blanco
|
0-0: DOUBLE (Groundball, 5L) Jim Unknown to third
|
Batting: LHB Rick Harrison
|
0-0: Ball 1-0: Ball 2-0: Ground out 4-3 (Groundball, 4)
|
Pinch Hitting: RHB Álex Hernández
|
0-0: Ground out 5-3 (Groundball, 56)
|
Batting: RHB Stephen Blair
|
0-0: Ball 1-0: Foul Ball, location: 2F 1-1: Foul Ball, location: 2F 1-2: Ball 2-2: Foul Ball, location: 2F 2-2: Foul Ball, location: 2F 2-2: 3-RUN HOME RUN (Flyball, 7D), Distance : 345 ft
|
Friday, December 30th, 2016 - OOTP Baseball 17.12 Build 75
|
|